[Event "Live Chess"]
[Site "Chess.com"]
[Date "2011.01.10"]
[Round "-"]
[White "hipposcottimus"]
[Black "ggeant"]
[Result "0-1"]
[CurrentPosition "8/4k3/8/8/8/1r6/q7/2K5 w - -"]
[Timezone "UTC"]
[ECO "C62"]
[ECOUrl "https://www.chess.com/openings/Ruy-Lopez-Opening-Old-Steinitz-Defense-4.d4-exd4-5.Qxd4"]
[UTCDate "2011.01.10"]
[UTCTime "23:29:15"]
[WhiteElo "1355"]
[BlackElo "1329"]
[TimeControl "300+6"]
[Termination "ggeant won on time"]
[StartTime "23:29:15"]
[EndDate "2011.01.10"]
[EndTime "23:42:26"]
[Link "https://www.chess.com/game/live/86277602"]

1. e4 e5 2. Nf3 d6 3. d4 exd4 4. Qxd4 Nc6 5. Bb5 Bd7 6. Bxc6 Bxc6 7. c4 Qf6 8. e5 dxe5 9. Qc3 O-O-O 10. O-O Bxf3 11. Qxf3 Qxf3 12. gxf3 f6 13. a3 Ne7 14. b4 Nc6 15. Bb2 Nd4 16. Bxd4 Rxd4 17. c5 c6 18. Nc3 Rd3 19. Rfc1 Rxf3 20. b5 cxb5 21. Nxb5 a6 22. Nd6+ Bxd6 23. cxd6+ Kd7 24. Rd1 Rc3 25. Rd2 Rb8 26. a4 Rc6 27. Rad1 Rbc8 28. Rd3 Rc1 29. Kg2 Rxd1 30. Rxd1 Rc4 31. a5 Rc5 32. Rb1 Rb5 33. Rc1 Kxd6 34. f3 Rxa5 35. Kg3 Rc5 36. h4 b6 37. Rd1+ Kc7 38. Re1 b5 39. f4 a5 40. fxe5 Rxe5 41. Rc1+ Kd6 42. Kf4 b4 43. Rc8 Rb5 44. Rh8 h6 45. Rg8 b3 46. Rxg7 b2 47. Rg6 b1=Q 48. Rxh6 Qb4+ 49. Kg3 a4 50. Rxf6+ Ke7 51. Rf4 Qc3+ 52. Rf3 Qxf3+ 53. Kxf3 a3 54. h5 Rxh5 55. Kg4 Rc5 56. Kf4 a2 57. Ke3 a1=Q 58. Ke4 Qa4+ 59. Kd3 Rb5 60. Kd2 Rb3 61. Kc1 Qa2 0-1

[Event "Live Chess"]
[Site "Chess.com"]
[Date "2011.01.10"]
[Round "-"]
[White "ggeant"]
[Black "hipposcottimus"]
[Result "1-0"]
[CurrentPosition "1k3r2/pppQ2p1/3N4/7p/8/4B3/Pq2rPPP/R4R1K b - -"]
[Timezone "UTC"]
[ECO "C50"]
[ECOUrl "https://www.chess.com/openings/Italian-Game"]
[UTCDate "2011.01.10"]
[UTCTime "23:11:56"]
[WhiteElo "1320"]
[BlackElo "1364"]
[TimeControl "300+6"]
[Termination "ggeant won on time"]
[StartTime "23:11:56"]
[EndDate "2011.01.10"]
[EndTime "23:24:49"]
[Link "https://www.chess.com/game/live/86274028"]

1. e4 e5 2. Bc4 Nc6 3. Nf3 Nf6 4. d3 d5 5. exd5 e4 6. dxe4 Nxe4 7. Qe2 Ne7 8. Qxe4 Bf5 9. Qe2 Qd6 10. O-O O-O-O 11. Ng5 Qg6 12. Bd3 Rxd5 13. Bxf5+ Nxf5 14. Nc3 Nd4 15. Qe8+ Rd8 16. Qxf7 Qxc2 17. Qc4 Ne2+ 18. Kh1 Re8 19. Qg4+ Kb8 20. Nxe2 Rxe2 21. Be3 h5 22. Qe6 Bd6 23. Qd7 Qxb2 24. Nf7 Rf8 25. Nxd6 1-0

[Event "Live Chess"]
[Site "Chess.com"]
[Date "2011.01.10"]
[Round "-"]
[White "hipposcottimus"]
[Black "spicmick"]
[Result "0-1"]
[CurrentPosition "8/4k3/p2p4/K2Rp3/P1r2p2/8/1r6/8 w - -"]
[Timezone "UTC"]
[ECO "B02"]
[ECOUrl "https://www.chess.com/openings/Alekhines-Defense-Mokele-Mbembe-Variation"]
[UTCDate "2011.01.10"]
[UTCTime "22:43:17"]
[WhiteElo "1373"]
[BlackElo "1421"]
[TimeControl "240+10"]
[Termination "spicmick won on time"]
[StartTime "22:43:17"]
[EndDate "2011.01.10"]
[EndTime "23:01:12"]
[Link "https://www.chess.com/game/live/86265844"]

1. e4 Nf6 2. e5 Ne4 3. f3 e6 4. fxe4 Qh4+ 5. g3 Qxe4+ 6. Qe2 Qxh1 7. Nf3 b6 8. d4 Bb7 9. Nbd2 Nc6 10. Kf2 Nxd4 11. Bg2 Nxe2 12. Bxh1 Bxf3 13. Bxf3 Bc5+ 14. Kxe2 O-O-O 15. Ne4 Be7 16. Bg5 Bxg5 17. Nxg5 Rdf8 18. Kd2 h6 19. Ne4 f5 20. exf6 gxf6 21. c4 f5 22. Nc3 h5 23. Rd1 h4 24. Kc1 hxg3 25. hxg3 e5 26. Be2 Rh2 27. Rd5 d6 28. b4 Rg2 29. c5 Rxg3 30. Kb2 bxc5 31. bxc5 Kd7 32. Bb5+ Ke7 33. cxd6+ cxd6 34. Bc4 Rb8+ 35. Bb3 Rg2+ 36. Ka3 f4 37. Nb5 Rb6 38. Bc4 a6 39. Nc7 Rc6 40. Kb4 Rxc7 41. a4 Rb2+ 42. Ka5 Rxc4 0-1

[Event "Live Chess"]
[Site "Chess.com"]
[Date "2011.01.10"]
[Round "-"]
[White "64spaces"]
[Black "hipposcottimus"]
[Result "0-1"]
[CurrentPosition "5k2/5ppp/p7/1p6/3P4/1P1q1bP1/1P2RP1b/R1B2K2 w - -"]
[Timezone "UTC"]
[ECO "C48"]
[ECOUrl "https://www.chess.com/openings/Four-Knights-Game-Spanish-Variation"]
[UTCDate "2011.01.10"]
[UTCTime "22:04:54"]
[WhiteElo "1471"]
[BlackElo "1373"]
[TimeControl "540"]
[Termination "hipposcottimus won by resignation"]
[StartTime "22:04:54"]
[EndDate "2011.01.10"]
[EndTime "22:11:03"]
[Link "https://www.chess.com/game/live/86255558"]

1. e4 e5 2. Nf3 Nc6 3. Nc3 Nf6 4. Bb5 Na5 5. O-O a6 6. Ba4 c6 7. Nxe5 b5 8. Bb3 d5 9. exd5 Nxb3 10. axb3 cxd5 11. Qf3 Be7 12. Nxd5 O-O 13. Nxf6+ Bxf6 14. Qxa8 Bxe5 15. Re1 Qc7 16. d3 Bxh2+ 17. Kf1 Bb7 18. Qxf8+ Kxf8 19. g3 Qxc2 20. d4 Qd3+ 21. Re2 Bf3 0-1

[Event "Live Chess"]
[Site "Chess.com"]
[Date "2011.01.10"]
[Round "-"]
[White "hipposcottimus"]
[Black "kirasjani"]
[Result "1-0"]
[CurrentPosition "6k1/1b1r3p/p1p2Qp1/5p2/2P5/1PB3N1/4RKPP/3r4 b - -"]
[Timezone "UTC"]
[ECO "C50"]
[ECOUrl "https://www.chess.com/openings/Italian-Game-3...d6-4.d4-exd4"]
[UTCDate "2011.01.10"]
[UTCTime "21:53:14"]
[WhiteElo "1373"]
[BlackElo "1200"]
[TimeControl "600"]
[Termination "hipposcottimus won by resignation"]
[StartTime "21:53:14"]
[EndDate "2011.01.10"]
[EndTime "22:02:57"]
[Link "https://www.chess.com/game/live/86252037"]

1. e4 e5 2. Nf3 Nc6 3. Bc4 d6 4. d4 exd4 5. Bb5 a6 6. Bxc6+ bxc6 7. Nxd4 c5 8. Ne2 g6 9. c4 Bg7 10. f4 Bb7 11. Nd2 Nf6 12. Ng3 Ng4 13. Qxg4 Bc8 14. Qd1 O-O 15. O-O c6 16. Nf3 Qb6 17. Rb1 Qb4 18. b3 f5 19. Bd2 Qa3 20. e5 dxe5 21. fxe5 Qxa2 22. Rf2 Qa3 23. Ra1 Qb2 24. Rb1 Qa2 25. Ra1 Qb2 26. Be1 Bxe5 27. Rxb2 Bxb2 28. Ra2 Bd4+ 29. Nxd4 cxd4 30. Qxd4 Bb7 31. Bb4 Rfd8 32. Qf6 Rd1+ 33. Kf2 Rad8 34. Bc3 R8d7 35. Bb4 Rd8 36. Bc3 R8d7 37. Re2 1-0

[Event "Live Chess"]
[Site "Chess.com"]
[Date "2011.01.10"]
[Round "-"]
[White "kirasjani"]
[Black "hipposcottimus"]
[Result "0-1"]
[CurrentPosition "r3kr2/2p4p/pp4p1/8/4P3/P1P4q/1P3b2/RNB2R1K w q -"]
[Timezone "UTC"]
[ECO "C45"]
[ECOUrl "https://www.chess.com/openings/Scotch-Game"]
[UTCDate "2011.01.10"]
[UTCTime "21:43:34"]
[WhiteElo "1200"]
[BlackElo "1373"]
[TimeControl "600"]
[Termination "hipposcottimus won by checkmate"]
[StartTime "21:43:34"]
[EndDate "2011.01.10"]
[EndTime "21:51:30"]
[Link "https://www.chess.com/game/live/86249649"]

1. e4 e5 2. Nf3 Nc6 3. d4 d5 4. dxe5 d4 5. a3 f6 6. exf6 Nxf6 7. Qd3 Ng4 8. h3 Nge5 9. Nxe5 Nxe5 10. Qb5+ Nc6 11. Bc4 Bd7 12. Ba2 b6 13. h4 a6 14. Qh5+ g6 15. Qf3 Ne5 16. Qf4 Bd6 17. O-O Rf8 18. Qd2 Bc5 19. c3 d3 20. Bc4 Qf6 21. Bxd3 Nxd3 22. Qxd3 Bxf2+ 23. Kh2 Qxh4+ 24. Qh3 Bxh3 25. gxh3 Qg3+ 26. Kh1 Qxh3# 0-1

[Event "Live Chess"]
[Site "Chess.com"]
[Date "2011.01.10"]
[Round "-"]
[White "BR33"]
[Black "hipposcottimus"]
[Result "1-0"]
[CurrentPosition "2R3k1/7p/p5pb/1p1PPQ2/1P2P2q/8/PP1B4/3K2R1 b - -"]
[Timezone "UTC"]
[ECO "D02"]
[ECOUrl "https://www.chess.com/openings/Queens-Pawn-Opening-Anti-Torre-Attack"]
[UTCDate "2011.01.10"]
[UTCTime "18:58:54"]
[WhiteElo "1223"]
[BlackElo "1373"]
[TimeControl "600"]
[Termination "BR33 won by resignation"]
[StartTime "18:58:54"]
[EndDate "2011.01.10"]
[EndTime "19:13:36"]
[Link "https://www.chess.com/game/live/86202105"]

1. d4 d5 2. Nf3 Bg4 3. e3 Nf6 4. h3 Bh5 5. g4 Nxg4 6. hxg4 Bxg4 7. Be2 Nc6 8. Nh4 Bxe2 9. Qxe2 e5 10. Nf3 e4 11. Nfd2 Bd6 12. Nc3 Qg5 13. Nb5 Qg2 14. Rf1 Bh2 15. f3 Bg3+ 16. Kd1 Qh3 17. fxe4 Nb4 18. e5 O-O 19. c3 a6 20. Nxc7 Rac8 21. cxb4 Rxc7 22. e4 Rc4 23. Nxc4 dxc4 24. Qxc4 b5 25. Qd3 Qg4+ 26. Qe2 Qd7 27. Qe3 Bh4 28. Bd2 Rc8 29. Bc3 Qg4+ 30. Qe2 Qg5 31. Rc1 Qd8 32. Rc2 Bg5 33. Rg1 Rc6 34. d5 Rc4 35. Qg4 Bh6 36. Bd2 f5 37. Qxf5 Qh4 38. Rxc4 g6 39. Rc8+ 1-0

[Event "Live Chess"]
[Site "Chess.com"]
[Date "2011.01.10"]
[Round "-"]
[White "hipposcottimus"]
[Black "noseporke"]
[Result "0-1"]
[CurrentPosition "5k2/4pprn/3p4/2p5/p1P1PQ2/2q1K1PR/7P/8 w - -"]
[Timezone "UTC"]
[ECO "B54"]
[ECOUrl "https://www.chess.com/openings/Sicilian-Defense-Open-Prins-Variation-5...g6"]
[UTCDate "2011.01.10"]
[UTCTime "00:01:19"]
[WhiteElo "1384"]
[BlackElo "1364"]
[TimeControl "600"]
[Termination "noseporke won on time"]
[StartTime "00:01:19"]
[EndDate "2011.01.10"]
[EndTime "00:18:21"]
[Link "https://www.chess.com/game/live/85948671"]

1. e4 c5 2. Nf3 d6 3. d4 cxd4 4. Nxd4 Nf6 5. f3 g6 6. Nd2 Nc6 7. Bb5 Bd7 8. Bxc6 bxc6 9. N2b3 Bg7 10. c3 O-O 11. O-O c5 12. Ne2 Qb6 13. Be3 Ba4 14. Qd2 Bxb3 15. axb3 Qxb3 16. Ng3 Nd7 17. f4 a5 18. f5 a4 19. Ra3 Qc4 20. Bh6 Nf6 21. Rf4 Bxh6 22. fxg6 Bxf4 23. gxh7+ Nxh7 24. Qxf4 Qe6 25. Nf5 Kh8 26. c4 Rg8 27. Nh6 Rg7 28. Rh3 Qg6 29. g3 Rag8 30. Nxg8 Kxg8 31. Qh4 Kf8 32. Kf2 Qf6+ 33. Qf4 Qxb2+ 34. Ke3 Qc3+ 0-1

[Event "Live Chess"]
[Site "Chess.com"]
[Date "2011.01.09"]
[Round "-"]
[White "ZAZA2001"]
[Black "hipposcottimus"]
[Result "0-1"]
[CurrentPosition "8/8/8/kp4pp/p7/6Pq/3r4/5RRK w - -"]
[Timezone "UTC"]
[ECO "C23"]
[ECOUrl "https://www.chess.com/openings/Bishops-Opening-2...Nc6"]
[UTCDate "2011.01.09"]
[UTCTime "23:02:26"]
[WhiteElo "1133"]
[BlackElo "1384"]
[TimeControl "600"]
[Termination "hipposcottimus won by checkmate"]
[StartTime "23:02:26"]
[EndDate "2011.01.09"]
[EndTime "23:19:39"]
[Link "https://www.chess.com/game/live/85934729"]

1. e4 e5 2. Bc4 Nc6 3. c3 Bc5 4. Qh5 g6 5. Qf3 Nf6 6. b4 d5 7. exd5 e4 8. Qe2 Nxb4 9. cxb4 Bxb4 10. a3 Ba5 11. Bb2 O-O 12. f3 Nxd5 13. fxe4 Nb6 14. Ba2 Re8 15. Qb5 Rxe4+ 16. Ne2 Nc4 17. Bxc4 c6 18. Qb3 Bg4 19. Bxf7+ Kf8 20. Bc4 Bb6 21. Rf1+ Ke8 22. Bf7+ Kd7 23. Qd3+ Kc7 24. Qxe4 Bxe2 25. Qxe2 Qh4+ 26. Qf2 Bxf2+ 27. Rxf2 Qe7+ 28. Kf1 Qd6 29. g3 Qd3+ 30. Kg1 Qc2 31. Be5+ Kb6 32. Nc3 a5 33. d4 Qxc3 34. Rb1+ Ka6 35. Rff1 Qxa3 36. Bc4+ b5 37. Bb3 a4 38. Bc2 Rg8 39. d5 Qe3+ 40. Kg2 Qxe5 41. dxc6 Qd5+ 42. Kg1 Qc5+ 43. Kg2 Qxc6+ 44. Kh3 Qxc2 45. Rbc1 Qe2 46. Rc6+ Ka5 47. Rcf6 h6 48. R6f2 Qe4 49. Rg2 h5 50. Rgg1 g5 51. Re1 Qf3 52. Ref1 Qg4+ 53. Kg2 Rd8 54. h3 Rd2+ 55. Kh1 Qxh3# 0-1

[Event "Live Chess"]
[Site "Chess.com"]
[Date "2011.01.09"]
[Round "-"]
[White "hipposcottimus"]
[Black "ghostwet"]
[Result "1-0"]
[CurrentPosition "r2qkb1r/3pnQ2/p1n5/6N1/4P2p/2N4P/PP4PB/R3K2R b KQkq -"]
[Timezone "UTC"]
[ECO "A40"]
[ECOUrl "https://www.chess.com/openings/Queens-Pawn-Opening-St-George-Defense-2.c4-b5-3.e4"]
[UTCDate "2011.01.09"]
[UTCTime "22:57:39"]
[WhiteElo "1384"]
[BlackElo "1167"]
[TimeControl "780"]
[Termination "hipposcottimus won by checkmate"]
[StartTime "22:57:39"]
[EndDate "2011.01.09"]
[EndTime "23:01:10"]
[Link "https://www.chess.com/game/live/85933676"]

1. e4 a6 2. d4 b5 3. c4 bxc4 4. Bxc4 Bb7 5. Nc3 e6 6. d5 e5 7. f4 exf4 8. Bxf4 g5 9. Bg3 h5 10. h3 h4 11. Bh2 c6 12. Nf3 cxd5 13. Bxd5 Bxd5 14. Qxd5 Nc6 15. Nxg5 Nge7 16. Qxf7# 1-0

[Event "Live Chess"]
[Site "Chess.com"]
[Date "2011.01.09"]
[Round "-"]
[White "paylos1958"]
[Black "hipposcottimus"]
[Result "1-0"]
[CurrentPosition "1b6/3N1k2/p1q4p/1p2PQ2/1P4n1/P1B3P1/4K2P/R2R4 b - -"]
[Timezone "UTC"]
[ECO "D10"]
[ECOUrl "https://www.chess.com/openings/Slav-Defense-3.Nc3-Nf6"]
[UTCDate "2011.01.09"]
[UTCTime "22:21:44"]
[WhiteElo "1239"]
[BlackElo "1380"]
[TimeControl "780"]
[Termination "paylos1958 won by resignation"]
[StartTime "22:21:44"]
[EndDate "2011.01.09"]
[EndTime "22:36:16"]
[Link "https://www.chess.com/game/live/85924539"]

1. d4 d5 2. c4 c6 3. Nc3 Nf6 4. Nf3 e6 5. e3 Bb4 6. Bd2 Nbd7 7. cxd5 cxd5 8. Bb5 O-O 9. O-O a6 10. Ba4 b5 11. Bc2 Ng4 12. a3 Bd6 13. g3 e5 14. Bb3 exd4 15. Nxd4 f6 16. Qxg4 Nc5 17. Qd1 Bh3 18. Bxd5+ Kh8 19. Bg2 Bxg2 20. Kxg2 f5 21. b4 Nd3 22. Ne6 Qc8 23. Nxf8 Qc6+ 24. f3 Rxf8 25. Qe2 Ne5 26. e4 Nc4 27. Nd5 h6 28. Bc3 Kh7 29. Rfd1 g5 30. e5 Bb8 31. Nf6+ Kg6 32. Nd7 g4 33. Nxf8+ Kf7 34. Nd7 gxf3+ 35. Qxf3 Ne3+ 36. Kf2 Ng4+ 37. Ke2 Qc4+ 38. Qd3 Qc6 39. Qxf5+ 1-0

[Event "Live Chess"]
[Site "Chess.com"]
[Date "2011.01.09"]
[Round "-"]
[White "hipposcottimus"]
[Black "dickensian"]
[Result "0-1"]
[CurrentPosition "r2qk2r/1p2pp1p/p2p1bp1/2p5/2P1P3/1PBP4/P3nPPP/2R1K2R w Kkq -"]
[Timezone "UTC"]
[ECO "B07"]
[ECOUrl "https://www.chess.com/openings/Pirc-Defense-Modern-Defense-Geller-System-2...Nf6"]
[UTCDate "2011.01.09"]
[UTCTime "22:16:51"]
[WhiteElo "1390"]
[BlackElo "1414"]
[TimeControl "120+12"]
[Termination "dickensian won by resignation"]
[StartTime "22:16:51"]
[EndDate "2011.01.09"]
[EndTime "22:19:47"]
[Link "https://www.chess.com/game/live/85923527"]

1. e4 d6 2. Nf3 Nf6 3. d3 g6 4. c4 c5 5. Nc3 Bg7 6. Be2 Nc6 7. Bd2 a6 8. b3 Bg4 9. Nd5 Bxf3 10. Nxf6+ Bxf6 11. Rc1 Bxe2 12. Qxe2 Nd4 13. Bc3 Nxe2 0-1

[Event "Live Chess"]
[Site "Chess.com"]
[Date "2011.01.09"]
[Round "-"]
[White "hipposcottimus"]
[Black "kumarhome"]
[Result "1-0"]
[CurrentPosition "3Q3r/pp3p1k/5P2/8/4Bq2/5P2/PP5P/6RK b - -"]
[Timezone "UTC"]
[ECO "C55"]
[ECOUrl "https://www.chess.com/openings/Italian-Game-Anti-Fried-Liver-Defense"]
[UTCDate "2011.01.09"]
[UTCTime "21:51:37"]
[WhiteElo "1398"]
[BlackElo "1341"]
[TimeControl "300+5"]
[Termination "hipposcottimus won by resignation"]
[StartTime "21:51:37"]
[EndDate "2011.01.09"]
[EndTime "22:03:38"]
[Link "https://www.chess.com/game/live/85916700"]

1. e4 e5 2. Nf3 Nc6 3. Bc4 h6 4. d4 exd4 5. Nxd4 d6 6. c3 Bd7 7. O-O Nf6 8. Re1 Be7 9. Nf5 O-O 10. Bxh6 Bxf5 11. Bxg7 Kxg7 12. exf5 Rg8 13. Re3 Kf8 14. Nd2 Ne5 15. Bb3 Nfg4 16. Re2 Bh4 17. Ne4 Nf6 18. f4 Nf3+ 19. Kh1 Ng4 20. gxf3 d5 21. Rd2 Nf2+ 22. Nxf2 Bxf2 23. Rxf2 Qh4 24. Rd2 c6 25. c4 Rh8 26. cxd5 cxd5 27. Bxd5 Qxf4 28. Be4 Rc8 29. Rd8+ Rxd8 30. Qxd8+ Kg7 31. Rg1+ Kh7 32. f6+ 1-0

[Event "Live Chess"]
[Site "Chess.com"]
[Date "2011.01.09"]
[Round "-"]
[White "mfleta"]
[Black "hipposcottimus"]
[Result "1-0"]
[CurrentPosition "5b1r/pp4pp/2n1N3/3r1p2/5P2/3B4/PPP1RkPP/2KR4 b - -"]
[Timezone "UTC"]
[ECO "D02"]
[ECOUrl "https://www.chess.com/openings/Queens-Pawn-Opening-Zukertort-Variation"]
[UTCDate "2011.01.09"]
[UTCTime "19:46:02"]
[WhiteElo "1368"]
[BlackElo "1391"]
[TimeControl "120+12"]
[Termination "mfleta won by checkmate"]
[StartTime "19:46:02"]
[EndDate "2011.01.09"]
[EndTime "19:52:20"]
[Link "https://www.chess.com/game/live/85881216"]

1. d4 d5 2. Nf3 f5 3. Nc3 e6 4. Bg5 Nf6 5. Ne5 Bd7 6. e3 Nc6 7. Bxf6 Qxf6 8. Nxd7 Kxd7 9. Bb5 e5 10. dxe5 Qe6 11. Qxd5+ Qxd5 12. Nxd5 Rd8 13. O-O-O Ke6 14. Nxc7+ Kxe5 15. f4+ Ke4 16. Bd3+ Kxe3 17. Ne6 Rd5 18. Rhe1+ Kf2 19. Re2# 1-0

[Event "Live Chess"]
[Site "Chess.com"]
[Date "2011.01.09"]
[Round "-"]
[White "daddo1433"]
[Black "hipposcottimus"]
[Result "0-1"]
[CurrentPosition "2k5/1p5p/p4Bp1/PPn2p2/7r/K2r1P2/8/4b3 w - -"]
[Timezone "UTC"]
[ECO "C31"]
[ECOUrl "https://www.chess.com/openings/Kings-Gambit-Declined-Falkbeer-Accepted-Staunton-Charousek-Gambit-4...Nf6-5.Nc3"]
[UTCDate "2011.01.09"]
[UTCTime "19:35:24"]
[WhiteElo "1312"]
[BlackElo "1400"]
[TimeControl "600"]
[Termination "hipposcottimus won by resignation"]
[StartTime "19:35:24"]
[EndDate "2011.01.09"]
[EndTime "19:43:49"]
[Link "https://www.chess.com/game/live/85877885"]

1. e4 e5 2. f4 d5 3. exd5 e4 4. Nc3 Nf6 5. d3 Nxd5 6. Nxd5 Qxd5 7. dxe4 Qxe4+ 8. Qe2 Bf5 9. Qxe4+ Bxe4 10. c3 Bc5 11. Nf3 Bxf3 12. gxf3 f5 13. Bd2 Nd7 14. O-O-O O-O-O 15. Bh3 g6 16. b4 Bb6 17. a4 a6 18. a5 Ba7 19. c4 c6 20. Bc3 Be3+ 21. Kc2 Rhe8 22. Bg2 Bxf4 23. h4 Re2+ 24. Kb3 Rxg2 25. Rhe1 Rg3 26. Rd3 Rh3 27. Ka4 Rxh4 28. b5 cxb5+ 29. cxb5 Bg3+ 30. Kb3 Bxe1 31. Bf6 Nc5+ 32. Ka3 Rxd3+ 0-1

[Event "Live Chess"]
[Site "Chess.com"]
[Date "2011.01.09"]
[Round "-"]
[White "hipposcottimus"]
[Black "daddo1433"]
[Result "0-1"]
[CurrentPosition "8/6kp/6p1/P1Q2p2/8/1q2p3/6PP/3r2RK w - -"]
[Timezone "UTC"]
[ECO "C00"]
[ECOUrl "https://www.chess.com/openings/French-Defense-Steiner-Variation-2...d5-3.cxd5-exd5"]
[UTCDate "2011.01.09"]
[UTCTime "19:17:47"]
[WhiteElo "1394"]
[BlackElo "1318"]
[TimeControl "600"]
[Termination "daddo1433 won on time"]
[StartTime "19:17:47"]
[EndDate "2011.01.09"]
[EndTime "19:34:09"]
[Link "https://www.chess.com/game/live/85872817"]

1. e4 e6 2. c4 d5 3. cxd5 exd5 4. e5 Nc6 5. d4 Bf5 6. Bb5 Ne7 7. Nc3 a6 8. Ba4 b5 9. Nxb5 axb5 10. Bxb5 Qb8 11. Qe2 g6 12. Nf3 Bg7 13. O-O O-O 14. Be3 Nb4 15. a4 c6 16. Rfd1 Nc2 17. Bxc6 Nxc6 18. Rac1 N6b4 19. Nh4 Be4 20. f3 Nxe3 21. fxe4 Nec2 22. b3 Qb6 23. Nf3 Nxd4 24. Nxd4 Bxe5 25. Qd2 dxe4 26. Kh1 Rfd8 27. Rc4 Na6 28. Qe3 f5 29. Re1 Bxd4 30. Qf4 Rac8 31. a5 Qxb3 32. Rxc8 Rxc8 33. Qd6 Bc5 34. Qxa6 Rd8 35. Rg1 Rd1 36. Qc8+ Kg7 37. Qxc5 e3 0-1

[Event "Live Chess"]
[Site "Chess.com"]
[Date "2011.01.09"]
[Round "-"]
[White "JoBrezni"]
[Black "hipposcottimus"]
[Result "1-0"]
[CurrentPosition "6k1/p2r4/6Q1/4R1p1/1P1P1p1p/2P2P2/5P2/3KN1q1 b - -"]
[Timezone "UTC"]
[ECO "D00"]
[ECOUrl "https://www.chess.com/openings/Queens-Pawn-Opening-1...d5-2.e3-c5"]
[UTCDate "2011.01.09"]
[UTCTime "18:58:08"]
[WhiteElo "1355"]
[BlackElo "1403"]
[TimeControl "600"]
[Termination "JoBrezni won on time"]
[StartTime "18:58:08"]
[EndDate "2011.01.09"]
[EndTime "19:15:29"]
[Link "https://www.chess.com/game/live/85866762"]

1. d4 d5 2. e3 c5 3. Ne2 cxd4 4. exd4 Bf5 5. c3 Nd7 6. Ng3 Bg6 7. Bb5 e6 8. O-O Be7 9. Nd2 f5 10. Nf3 Bf6 11. Bf4 Ne7 12. Be5 O-O 13. Bxd7 Qxd7 14. Bxf6 Rxf6 15. Ne5 Qe8 16. Qb3 b5 17. a4 bxa4 18. Qxa4 Qb8 19. b4 Be8 20. Qc2 Ng6 21. Rfe1 Nxe5 22. Rxe5 Rh6 23. h3 f4 24. Ne2 Bg6 25. Qd2 f3 26. gxf3 Bf5 27. Nf4 Qd8 28. Kf1 Qh4 29. Ke2 g5 30. Nd3 Qxh3 31. Ra6 Qg2 32. Ne1 Qg1 33. Rxf5 exf5 34. Rxh6 Re8+ 35. Kd1 f4 36. Rd6 h5 37. Rxd5 h4 38. Re5 Rd8 39. Qd3 Rd7 40. Qg6+ 1-0

[Event "Live Chess"]
[Site "Chess.com"]
[Date "2011.01.09"]
[Round "-"]
[White "Jjudd"]
[Black "hipposcottimus"]
[Result "1-0"]
[CurrentPosition "6Q1/8/8/5K2/4N3/5k2/4r3/8 b - -"]
[Timezone "UTC"]
[ECO "C61"]
[ECOUrl "https://www.chess.com/openings/Ruy-Lopez-Opening-Birds-Defense"]
[UTCDate "2011.01.09"]
[UTCTime "05:35:31"]
[WhiteElo "1220"]
[BlackElo "1412"]
[TimeControl "420+5"]
[Termination "Jjudd won on time"]
[StartTime "05:35:31"]
[EndDate "2011.01.09"]
[EndTime "05:57:03"]
[Link "https://www.chess.com/game/live/85685117"]

1. e4 e5 2. Nf3 Nc6 3. Bb5 Nd4 4. c3 Nxb5 5. d4 d5 6. dxe5 Bg4 7. Bg5 Be7 8. Bxe7 Nxe7 9. exd5 Nxd5 10. c4 Nb4 11. cxb5 Bxf3 12. Qxd8+ Rxd8 13. gxf3 Nc2+ 14. Ke2 Nxa1 15. Rc1 Rd7 16. Nd2 O-O 17. Rxa1 c6 18. bxc6 bxc6 19. b4 a6 20. a4 Re8 21. f4 Re6 22. Nb3 f6 23. Nc5 fxe5 24. Nxe6 Re7 25. Nc5 exf4+ 26. Kf3 Kf7 27. Kxf4 g6 28. Nxa6 Kf6 29. Nc5 h5 30. h4 Re5 31. Ne4+ Ke6 32. a5 Kd5 33. Nf6+ Ke6 34. Ne4 Kd5 35. Re1 Rf5+ 36. Ke3 Re5 37. Rd1+ Kc4 38. a6 Kxb4 39. a7 Ra5 40. Rb1+ Kc4 41. Rb7 Kd5 42. Rd7+ Ke6 43. Rd6+ Ke5 44. Rxc6 Rxa7 45. f4+ Kf5 46. Rc5+ Kg4 47. Rg5+ Kxh4 48. Rxg6 Ra3+ 49. Kd4 Kh3 50. f5 h4 51. f6 Ra6 52. Rg1 Ra7 53. Rf1 Rf7 54. Rf2 Kg4 55. Ke5 h3 56. Ke6 Rh7 57. f7 h2 58. Rxh2 Rxh2 59. f8=Q Re2 60. Qg8+ Kf3 61. Kf5 1-0

[Event "Live Chess"]
[Site "Chess.com"]
[Date "2011.01.09"]
[Round "-"]
[White "hipposcottimus"]
[Black "mshirmohammad"]
[Result "0-1"]
[CurrentPosition "r1bq1rk1/4ppbp/p2p2p1/2pP4/1pPn1P2/3P1N2/PP1BB1PP/R2Q1RK1 w - -"]
[Timezone "UTC"]
[ECO "B20"]
[ECOUrl "https://www.chess.com/openings/Sicilian-Defense"]
[UTCDate "2011.01.09"]
[UTCTime "05:14:45"]
[WhiteElo "1423"]
[BlackElo "1421"]
[TimeControl "600"]
[Termination "mshirmohammad won by resignation"]
[StartTime "05:14:45"]
[EndDate "2011.01.09"]
[EndTime "05:17:16"]
[Link "https://www.chess.com/game/live/85681501"]

1. e4 c5 2. Bb5 a6 3. Be2 Nc6 4. c4 Nf6 5. d3 g6 6. Bd2 Bg7 7. Nc3 d6 8. f4 O-O 9. Nf3 b5 10. O-O b4 11. Nd5 Nxd5 12. exd5 Nd4 0-1

[Event "Live Chess"]
[Site "Chess.com"]
[Date "2011.01.09"]
[Round "-"]
[White "jinu12"]
[Black "hipposcottimus"]
[Result "0-1"]
[CurrentPosition "8/8/Kqkb4/8/8/8/8/8 w - -"]
[Timezone "UTC"]
[ECO "C20"]
[ECOUrl "https://www.chess.com/openings/Kings-Pawn-Opening-Napoleon-Attack"]
[UTCDate "2011.01.09"]
[UTCTime "04:54:54"]
[WhiteElo "1104"]
[BlackElo "1431"]
[TimeControl "600"]
[Termination "hipposcottimus won by checkmate"]
[StartTime "04:54:54"]
[EndDate "2011.01.09"]
[EndTime "05:12:51"]
[Link "https://www.chess.com/game/live/85677357"]

1. e4 e5 2. Qf3 Nc6 3. Bc4 Nf6 4. Nc3 Nd4 5. Qg3 Nxc2+ 6. Kd1 Nxa1 7. b3 d6 8. Bb2 Bg4+ 9. f3 Nxb3 10. axb3 Bh5 11. Ba3 Qd7 12. Bb5 c6 13. Bc4 O-O-O 14. Qg5 h6 15. Qf5 Kb8 16. g4 Bg6 17. Qxd7 Rxd7 18. Nh3 d5 19. exd5 Bxa3 20. dxc6 bxc6 21. Ke2 Rhd8 22. d3 Bxd3+ 23. Bxd3 Rxd3 24. Nb1 Bb4 25. Nf2 Rxb3 26. Rd1 Rxd1 27. Nxd1 Rxb1 28. Ne3 Nd5 29. Nf5 g6 30. Nxh6 Rb2+ 31. Kd3 Rxh2 32. Nxf7 Rh3 33. Nxe5 Bd6 34. Nxc6+ Kc7 35. Nxa7 Rxf3+ 36. Ke4 Ra3 37. Nb5+ Kc6 38. Nxa3 Nf6+ 39. Kf3 Kd5 40. Nc2 Ke5 41. Ne3 Bb8 42. Nc4+ Ke6 43. Nb6 g5 44. Na4 Bf4 45. Nc3 Nd7 46. Ne4 Ne5+ 47. Ke2 Nxg4 48. Nc5+ Kd5 49. Nd3 Bd6 50. Nf2 Nxf2 51. Kxf2 Ke5 52. Kf3 Kf5 53. Kg2 g4 54. Kf1 Kf4 55. Kf2 g3+ 56. Kg2 Kg4 57. Kf1 Kf3 58. Ke1 g2 59. Kd2 g1=Q 60. Kd3 Qe3+ 61. Kc4 Ke4 62. Kb5 Kd5 63. Ka6 Kc6 64. Ka5 Qb3 65. Ka6 Qb6# 0-1